 Dungeon Crawl Stone Soup version 0.18.1-1-g2f07953 (webtiles) character file.

37 Chiseanne the Magician (level 3, 24/24 HPs)
             Began as a Demonspawn Wizard on May 6, 2016.
             Quit the game on level 2 of the Dungeon.
             The game lasted 00:02:07 (885 turns).

Chiseanne the Magician (Demonspawn Wizard)           Turns: 885, Time: 00:02:07

Health: 24/24      AC:  3    Str:  7    XL:     3   Next: 21%
Magic:  1/8        EV: 12    Int: 20    God:
Gold:   39         SH:  0    Dex: 11    Spells: 3 memorised, 4 levels left

rFire  . . .     SeeInvis .     w - +0 hunting sling (curse)
rCold  . . .     Gourm    .     a - +0 robe
rNeg   . . .     Faith    .     (no shield)
rPois  .         Spirit   .     b - +0 hat
rElec  .         Dismiss  .     (no cloak)
rCorr  .         Reflect  .     (no gloves)
SustAt .         Harm     .     (no boots)
MR     .....                    (no amulet)
Stlth  ++........               (no ring)
                                (no ring)

@: very slightly contaminated, repel missiles, not resistant to hostile
enchantments, unstealthy
A: rugged brown scales 1, demonic guardian 1
a: no special abilities


You were on level 2 of the Dungeon.
You were not hungry.

You visited 1 branch of the dungeon, and saw 2 of its levels.

You collected 39 gold pieces.

Inventory:

Hand Weapons
 h - a +0 dagger
 w - a cursed +0 hunting sling (weapon)
Missiles
 e - 18 stones (quivered)
 f - 3 curare-tipped needles
 l - 8 tomahawks
Armour
 a - a +0 robe (worn)
 b - a +0 hat (worn)
Potions
 g - a potion of lignification {unknown}
 k - 2 potions of flight {unknown}
Books
 c - a book of Minor Magic

   Spells                             Type                      Level
   a - Magic Dart                     Conjuration                  1
   b - Blink                          Translocation                2
   c - Call Imp                       Summoning                    2
   d - Repel Missiles                 Charms/Air                   2
   e - Slow                           Hexes                        2
   f - Conjure Flame                  Conjuration/Fire             3
   g - Mephitic Cloud                 Conjuration/Poison/Air       3
Comestibles
 d - a bread ration
 j - 2 fruits
 m - 3 chunks of flesh


   Skills:
 - Level 1.7 Dodging
 - Level 1.7 Stealth
 * Level 3.6 Spellcasting
 * Level 2.2 Conjurations
   Level 1.0 Summonings
 - Level 0.8 Translocations


You had 4 spell levels left.
You knew the following spells:

 Your Spells              Type           Power        Failure   Level  Hunger
a - Magic Dart            Conj           ##..         6%          1    None
b - Blink                 Tloc           N/A          17%         2    ##.....
c - Repel Missiles        Chrm/Air       #.....       24%         2    ##.....


Dungeon Overview and Level Annotations

Branches:
Dungeon (2/15)

Altars:


Innate Abilities, Weirdness & Mutations

You are partially covered in rugged brown scales (AC +1, +3% HP).
A weak demonic guardian rushes to your aid.


Message History

Press: ? - help, Shift-Dir - straight line, f/p - Ijyb
Aim: Ijyb, wielding a club and wearing a leather armour (almost dead)
Okay, then.
Unknown command.
Drink which item? (? for menu, Esc to quit)
You feel much better. Ijyb barely misses you.
There are no items here.
Unknown command.
Firing (i - inventory. (,) - cycle):
e - 19 stones (quivered)
Press: ? - help, Shift-Dir - straight line, f/p - Ijyb
Aim: Ijyb, wielding a club and wearing a leather armour (almost dead)
You shoot a stone. The stone hits Ijyb.
You kill Ijyb!
Your Conjurations skill increases to level 2!
You have reached level 3!
Your experience leads to an increase in your attributes!
Increase (S)trength, (I)ntelligence, or (D)exterity?
You feel clever.
Your demonic ancestry asserts itself...
You feel the presence of a demonic guardian.
Are you sure you want to abandon this character and quit the game? (Confirm with "yes".)

#...........# #.#
#............ #.#
#.......>...# #.#
####...###.## #.#
#...# .# #.# #...#
#
#######.########.##
..<...........>..#
##.@.#.########
#.)###........
#...#.########
##.#.## ###(#.#
#...#.# #.#.#.#
....(<.# ##..#####


There were no monsters in sight!

Vanquished Creatures
  Ijyb (D:2)
  A ball python (D:1)
  2 giant cockroaches
  2 goblins (D:1)
  2 hobgoblins (D:1)
  A bat (D:1)
  A giant newt (D:1)
  A rat (D:2)
11 creatures vanquished.

Notes
Turn   | Place    | Note
--------------------------------------------------------------
     0 | D:1      | Chiseanne the Demonspawn Wizard began the quest for the Orb.
     0 | D:1      | Reached XP level 1. HP: 13/13 MP: 4/4
   486 | D:1      | Gained mutation: You are partially covered in rugged brown scales (AC +1, +3% HP). [demonic ancestry]
   486 | D:1      | Reached XP level 2. HP: 13/19 MP: 0/6
   582 | D:1      | Learned a level 2 spell: Blink
   585 | D:1      | Learned a level 2 spell: Repel Missiles
   837 | D:2      | Noticed Ijyb
   884 | D:2      | Killed Ijyb
   884 | D:2      | Gained mutation: A weak demonic guardian rushes to your aid. [demonic ancestry]
   884 | D:2      | Reached XP level 3. HP: 24/24 MP: 1/8
   885 | D:2      | Quit the game

Skill      XL: |  1  2 |
---------------+-------+-----
Conjurations   | 2 |  2.2
Dodging        | |  1.7
Stealth        | |  1.7
Spellcasting   | |  3.6
Summonings     | |  1.0
Translocations | |  0.8

Action                   || total
-------------------------++-------
Melee: Unarmed           ||     9
 Fire: Hunting sling     ||    36
 Cast: Magic Dart        ||    31
       Repel Missiles    ||     1
  Use: Scroll            ||     1
       Potion            ||     2
Armor: Robe              ||    15
Dodge: Dodged            ||    37
